 Dungeon Crawl Stone Soup version 0.20-a0-1043-gbd57889 (webtiles) character file.

6111 Goblin1989 the Martial Artist (level 10, -4/80 HPs)
             Began as a Demonspawn Assassin on Apr 25, 2017.
             Was a Believer of Wu Jian.
             Slain by an orc warrior
             ... wielding a +0 war axe
              (15 damage)
             ... in a bailey.
             The game lasted 00:44:14 (9500 turns).

Goblin1989 the Martial Artist (Demonspawn Assassin) Turns: 9500, Time: 00:44:15

Health: -4/80      AC: 17    Str: 14    XL:     10   Next: 58%
Magic:  10/10      EV:  8    Int: 16    God:    Wu Jian [**....]
Gold:   500        SH: 10    Dex: 19    Spells: 9/9 levels left

rFire    . . .     SeeInvis +     - Unarmed
rCold    + . .     Gourm    .   y - +0 shield
rNeg     . . .     Faith    .   t - +0 plate armour
rPois    .         Spirit   .   c - +2 hat
rElec    .         Reflect  .   d - +0 cloak
rCorr    .         Harm     .   (no gloves)
MR       .....                  D - +0 pair of boots
Stlth    ..........             I - amulet of magic regeneration
Regen    0.3/turn               (no ring)
MPRegen  0.2/turn               s - ring of see invisible

@: agile
A: claws 1, hooves 1, horns 2, clever 1, cold resistance 1, powered by pain 2,
evolution 2, MP-powered wands
a: Renounce Religion


You were in a bailey.
You worshipped Wu Jian.
Wu Jian was pleased with you.
You were not hungry.

You visited 2 branches of the dungeon, and saw 8 of its levels.
You also visited: Bailey.

You collected 500 gold pieces.

Inventory:

Hand Weapons
 q - a +0 dagger of venom
 w - a +0 blowgun {@w1}
Missiles
 g - 20 poisoned needles
 L - 2 javelins (quivered)
Armour
 c - a +2 hat (worn)
 d - a +0 cloak (worn)
 l - a +0 chain mail
 t - a +0 plate armour (worn)
 y - a +0 shield (worn)
 D - a +0 pair of boots (worn)
Jewellery
 n - a +5 ring of intelligence
 s - a ring of see invisible (right claw)
 G - an uncursed ring of fire
 I - an amulet of magic regeneration (around neck)
 J - an uncursed ring of ice
Scrolls
 f - a scroll of noise
 k - 3 scrolls of amnesia
 u - a scroll of acquirement {unknown}
 x - 2 scrolls of enchant weapon {unknown}
 F - 2 scrolls of remove curse {@r2}
 R - a scroll of identify {@r1}
 T - 7 scrolls of teleportation {!r, @r3}
Potions
 h - 2 potions of lignification
 i - a potion of heal wounds {@q2, !q}
 j - a potion of haste {@q3, !q}
 m - 2 potions of flight
 r - a potion of brilliance
 v - a potion of resistance
 C - 3 potions of curing {@q1}
Comestibles
 a - 2 meat rations {@e2}
 b - a fruit
 e - 3 bread rations {@e1}
 A - a royal jelly
 B - 4 chunks of flesh


   Skills:
 + Level 7.9 Fighting
 - Level 1.7 Short Blades
 - Level 1.7 Throwing
 + Level 6.7 Armour
 - Level 0.8 Dodging
 - Level 3.6 Stealth
 + Level 6.6 Shields
 * Level 10.1 Unarmed Combat


You had 9 spell levels left.
You didn't know any spells.

Dungeon Overview and Level Annotations

Branches:
Dungeon (7/15)             Temple (1/1) D:6

Altars:
Ashenzari
Cheibriados
Dithmenos
Elyvilon
Fedhas
Gozag
Makhleb
Nemelex Xobeh
Okawaru
Ru
Sif Muna
Trog
Wu Jian
Xom
Yredelemnul
Zin
The Shining One

Shops:
D:7 *

Annotations:
D:4 exclusion: Eustachio, Eustachio


Innate Abilities, Weirdness & Mutations

You have sharp fingernails.
You have large cloven feet.
You have a pair of horns on your head.
Your flesh is cold resistant. (rC+)
You sometimes gain power by taking damage.
Your mind is acute. (Int +2)
You rapidly evolve.
You expend magic power (3 MP) to strengthen your wands.


Message History

Things that are here:
a war axe; a leather armour You take 9 damage, and have 42/80 hp.
The orc knight roars a battlecry!
The orc warrior goes into a battle-frenzy!
The orc knight no longer looks unusually strong. x2
The orc knight suddenly jeers, as Orcs often do.
The orc warlord roars a battlecry!
The orc knights go into a battle-frenzy!
The orc warlord no longer looks unusually strong.
The orc knight roars a battlecry!
The orc warlord goes into a battle-frenzy!
There is an open door here.
Things that are here:
a hand axe; a leather armour It was a potion of magic.
Magic courses through your body.
The orc knight no longer looks unusually strong.
The orc knight roars a battlecry!
The orc knight goes into a battle-frenzy!
Unknown command.
Unknown command.
Really attack while wielding your +0 blowgun {@w1}? [Y]es or [N]o only, please.
Really attack while wielding your +0 blowgun {@w1}?
Okay, then.
You are now empty-clawed.
You block the orc warrior's attack.
You scratch the orc warrior but do no damage.
You closely miss the orc warrior. You claw the orc knight!
The orc knight is moderately wounded.
Your shield and plate armour prevent you from hitting the orc knight.
The orc knight is moderately wounded.
Your magical contamination has completely faded away.
The orc knight no longer looks unusually strong.
The orc knight roars a battlecry!
The orc warlord roars a battlecry!
The orc knight goes into a battle-frenzy!
Items here: )) [[ a hand axe; a shiny ring mail; a hand axe; a leather armour
Items here: ))) [[[ The orc warrior no longer looks unusually strong.
The orc knight no longer looks unusually strong.
The orc knight roars a battlecry!
The orc warrior goes into a battle-frenzy!
There is an open door, spattered with blood here.
Things that are here:
a hand axe; a ring mail The orc knight roars a battlecry!
You scratch the orc warrior but do no damage.
Your headbutt misses the orc warrior. You claw the gnoll!
The gnoll is heavily wounded.
The gnoll hits you but does no damage.
The orc warrior hits you but does no damage.
You scratch the gnoll.
The gnoll is almost dead.
The orc knight hits you but does no damage.
The gnoll hits you but does no damage.
You spin and attack the gnoll.
You scratch the gnoll.
You kill the gnoll!
The Council accepts your kill.
You spin and attack the orc warrior.
You scratch the orc warrior but do no damage.
The orc warrior hits you with a broad axe!!
* * * LOW HITPOINT WARNING * * *
You focus on the pain.
You feel agile all of a sudden.
The orc warlord roars a battlecry!
The orc knight goes into a battle-frenzy!
You take 23 damage, and have 25/80 hp.
MASSIVE DAMAGE!!
The orc warlord roars a battlecry!
A hobgoblin comes into view. It is wielding a war axe.
There is an open door here.
Things that are here:
an enchanted hand axe; a leather armour The hobgoblin hits you but does no damage.
You spin and attack the hobgoblin.
You scratch the hobgoblin.
You kill the hobgoblin!
The Council accepts your kill.
The orc knight roars a battlecry!
The orc warriors go into a battle-frenzy!
You spin and attack the orc warrior.
Your shield and plate armour prevent you from hitting the orc warrior.
You block the orc warrior's attack.
There is a fountain of clear blue water here.
The orc knight no longer looks unusually strong.
You see here a steel javelin.
There is an open door, spattered with blood here.
Items here: ( )) [[ a war axe; a leather armour; a steel javelin; a war axe; a ring mail The orc knight roars a battlecry!
You completely miss the orc warrior. Your headbutt misses the orc warrior.
The orc warrior hits you with a war axe!!
* * * LOW HITPOINT WARNING * * *
You take 19 damage, and have 10/80 hp.
MASSIVE DAMAGE!!
You see here a steel javelin.
You spin and attack the orc warrior.
You claw the orc warrior! You headbutt the orc warrior.
The orc warrior is severely wounded.
The orc warrior hits you with a war axe!
You die...

██.......██ █.........█
██.........██
███████.....Ψ.....███
██.....██.....)...██..
█.....(.oo...o.(.)∆..)
██.......██.......██..)
█....((o..█.......█.o.)
██....(@...██88.88██....
█....(Ψ.....███∆███.....
██......g..███..(███....
█.........█.......█..).
██..(....██..o....██.o.
█.......█ ..o....█...
██.....██ .o.██..
██∆████ ███ ██.(...██
██..


You could see an orc knight, 2 orc warriors and a hobgoblin.

Vanquished Creatures
  Menkaure (D:7)
  9 orc warriors
  An ice beast (D:6)
  3 sky beasts
  2 ogres
  3 centaurs (D:6)
  3 bullfrogs
  A scorpion (D:6)
  A killer bee (D:4)
  3 crimson imps
  A centaur zombie (D:6)
  4 hounds
  4 orc priests
  2 centaur skeletons
  A jelly (D:5)
  Jessica (D:3)
  A bullfrog skeleton (D:5)
  4 orc wizards
  An iguana (D:5)
  4 worker ants
  11 gnolls (Bailey)
  6 adders
  A shadow imp (D:5)
  An ooze (D:3)
  6 worms
  2 dart slugs (D:2)
  2 leopard geckos
  26 orcs
  2 ball pythons
  4 giant cockroaches
  26 goblins
  23 hobgoblins
  7 jackals
  A quokka (D:6)
  9 bats
  A frilled lizard (D:1)
  4 kobolds
  A leopard gecko skeleton (D:5)
  A quokka skeleton (D:5)
  7 rats
191 creatures vanquished.

Notes
Turn   | Place    | Note
-------+----------+-------------------------------------------
     0 | D:1      | Goblin1989 the Demonspawn Assassin began the quest for the Orb.
     0 | D:1      | Reached XP level 1. HP: 16/16 MP: 1/1
   280 | D:1      | Gained mutation: You have large cloven feet. [demonic ancestry]
   280 | D:1      | Reached XP level 2. HP: 23/23 MP: 2/2
   547 | D:1      | Reached skill level 1 in Unarmed Combat
   932 | D:1      | Gained mutation: You sometimes gain a little power by taking damage. [demonic ancestry]
   932 | D:1      | Reached XP level 3. HP: 28/28 MP: 3/3
  1207 | D:2      | Reached skill level 2 in Unarmed Combat
  1281 | D:2      | Found a white marble altar of Elyvilon.
  1444 | D:2      | Found a shattered altar of Ashenzari.
  1482 | D:2      | Found an opulent altar of Gozag.
  2026 | D:2      | Gained mutation: You have a pair of small horns on your head. [demonic ancestry]
  2026 | D:2      | Reached XP level 4. HP: 33/34 MP: 4/4
  2416 | D:3      | Noticed Jessica
  2428 | D:3      | Killed Jessica
  2428 | D:3      | Reached skill level 3 in Unarmed Combat
  2930 | D:3      | Noticed an ogre
  2947 | D:3      | Killed an ogre
  2947 | D:3      | Reached skill level 1 in Armour
  2947 | D:3      | Reached skill level 1 in Shields
  2947 | D:3      | Reached XP level 5. HP: 17/41 MP: 5/5
  3467 | D:4      | Noticed Eustachio
  3629 | D:4      | You fall through a shaft!
  3629 | D:5      | Entered Level 5 of the Dungeon
  3720 | D:4      | Reached skill level 4 in Unarmed Combat
  3720 | D:4      | Gained mutation: You sometimes gain power by taking damage. [demonic ancestry]
  3720 | D:4      | Reached XP level 6. HP: 36/47 MP: 6/6
  4095 | D:5      | Found a burning altar of Makhleb.
  4097 | D:5      | Found an ornate altar of the Wu Jian Council.
  4097 | D:5      | Found a shimmering altar of Xom.
  4100 | D:5      | Found a deep blue altar of Sif Muna.
  4100 | D:5      | Found an iron altar of Okawaru.
  4100 | D:5      | Found an opulent altar of Gozag.
  4315 | D:5      | Reached XP level 7. HP: 48/53 MP: 7/7
  4505 | D:5      | Gained mutation: You evolve. [mutagenic meat]
  4506 | D:5      | Gained mutation: Your body sometimes deteriorates upon taking damage. [mutagenic meat]
  4507 | D:5      | Gained mutation: You rapidly evolve. [mutagenic meat]
  4509 | D:5      | Gained mutation: You expend magic power (3 MP) to strengthen your wands. [mutagenic meat]
  4510 | D:5      | Gained mutation: Your mind is acute. (Int +2) [mutagenic meat]
  4559 | D:5      | Reached skill level 5 in Unarmed Combat
  4659 | D:5      | Lost mutation: Your body sometimes deteriorates upon taking damage. [evolution]
  5122 | D:4      | Found a glowing silver altar of Zin.
  5642 | D:6      | Found a staircase to the Ecumenical Temple.
  5651 | Temple   | Entered the Ecumenical Temple
  5685 | Temple   | Became a worshipper of the Wu Jian Council
  5810 | D:6      | Gained mutation: You have a pair of horns on your head. [demonic ancestry]
  5810 | D:6      | Reached XP level 8. HP: 53/61 MP: 8/8
  6039 | D:6      | Reached skill level 6 in Unarmed Combat
  6205 | D:6      | Reached skill level 5 in Fighting
  7008 | D:6      | Noticed a moth of wrath
  7217 | D:6      | Gained mutation: Scrolls take you a little longer to read. [evolution]
  7320 | D:6      | Found a bloodstained altar of Trog.
  7465 | D:7      | Goblin1989: Gained mutation: Scrolls take you a little longer to read. [evolution]
  7465 | D:7      | Goblin1989: Зашибись
  7543 | D:6      | Reached skill level 7 in Unarmed Combat
  7872 | D:7      | Noticed Menkaure
  7888 | D:7      | Killed Menkaure
  7888 | D:7      | Gained mutation: You have sharp fingernails. [demonic ancestry]
  7888 | D:7      | Reached XP level 9. HP: 39/69 MP: 9/9
  7926 | D:7      | Reached * piety under Wu Jian
  7932 | D:7      | Found a sparkling altar of Nemelex Xobeh.
  7953 | D:7      | Found Ympoluc's General Store.
  7954 | D:7      | Found a deep blue altar of Sif Muna.
  7954 | D:7      | Found a basalt altar of Yredelemnul.
  8114 | D:7      | Found a flagged portal.
  8234 | Bailey   | Entered a bailey
  9093 | Bailey   | Reached skill level 8 in Unarmed Combat
  9101 | Bailey   | Reached ** piety under Wu Jian
  9185 | Bailey   | Lost mutation: Scrolls take you a little longer to read. [evolution]
  9277 | Bailey   | Reached skill level 5 in Armour
  9316 | Bailey   | Noticed an orc knight
  9317 | Bailey   | Noticed an orc warlord
  9321 | Bailey   | Noticed an orc knight
  9321 | Bailey   | Noticed an orc knight
  9328 | Bailey   | Reached skill level 5 in Shields
  9446 | Bailey   | Reached skill level 10 in Unarmed Combat
  9446 | Bailey   | Gained mutation: Your flesh is cold resistant. (rC+) [demonic ancestry]
  9446 | Bailey   | Reached XP level 10. HP: 50/80 MP: 10/10
  9500 | Bailey   | Slain by an orc warrior

Vault maps used:
D:1:      mrwooster_arrival_arrow, minmay_pentomino_z4
D:2:      overflow_temple_1_default, lemuel_crystal_altar, amethyst_killhole,
          nicolae_gozag_seed_capital
D:3:      uniq_jessica
D:4:      zin_academy, uniq_eustachio
D:5:      first_bread, doesnt_xom_only_xom
D:6:      minmay_temple_entry_grid, tgw_trog
D:7:      old_standard_altar, nemelex_altar_shiori, grunt_temple_overflow_open,
          serial_shops, shop, serial_glass, glass_columns_c, glass_columns_a,
          enter_bailey_8, lightli_orcish_oven, uniq_menkaure
Temple:   cyrus_temple_forest
Bailey:   bailey_axe_minmay_hex_keep, bailey

Skill      XL: |  1  2  3  4  5  6  7  8  9 |
---------------+----------------------------+-----
Unarmed Combat | 1 2 3 4 5 7 10 | 10.1
Fighting       | 3 4 5 7 |  7.9
Armour         | 1 2 3 4 6 |  6.7
Shields        | 1 2 3 4 6 |  6.6
Short Blades   | |  1.7
Throwing       | |  1.7
Dodging        | |  0.8
Stealth        | |  3.6

Action                   |  1- 3 |  4- 6 |  7- 9 | 10-12 || total
-------------------------+-------+-------+-------+-------++-------
Melee: Dagger            |   101 |       |       |       ||   101
       Kick              |    16 |    58 |    22 |       ||    96
       Unarmed           |    12 |   204 |   578 |    13 ||   807
       Punch             |     1 |       |       |       ||     1
       Headbutt          |       |    40 |   131 |     1 ||   172
       Blowgun           |       |       |     1 |     1 ||     2
 Fire: Blowgun           |     7 |    20 |    15 |       ||    42
Throw: Javelin           |       |       |    11 |       ||    11
  Use: Scroll            |     5 |     4 |    13 |       ||    22
       Potion            |     1 |     2 |     8 |     1 ||    12
 Stab: Sleeping          |     6 |     3 |       |       ||     9
       Distracted        |     1 |       |       |       ||     1
       Invisible         |       |       |     2 |       ||     2
  Eat: Chunk             |     3 |     8 |    23 |       ||    34
Armor: Robe              |    34 |    11 |       |       ||    45
       Ring mail         |       |    81 |       |       ||    81
       Chain mail        |       |     5 |   222 |       ||   227
       Plate armour      |       |       |     1 |     5 ||     6
Dodge: Dodged            |    53 |    48 |    77 |       ||   178
Block: Shield            |     4 |    61 |   186 |     4 ||   255

Vault maps used:
D:1:      mrwooster_arrival_arrow, minmay_pentomino_z4
D:2:      overflow_temple_1_default, lemuel_crystal_altar, amethyst_killhole,
          nicolae_gozag_seed_capital
D:3:      uniq_jessica
D:4:      zin_academy, uniq_eustachio
D:5:      first_bread, doesnt_xom_only_xom
D:6:      minmay_temple_entry_grid, tgw_trog
D:7:      old_standard_altar, nemelex_altar_shiori, grunt_temple_overflow_open,
          serial_shops, shop, serial_glass, glass_columns_c, glass_columns_a,
          enter_bailey_8, lightli_orcish_oven, uniq_menkaure
Temple:   cyrus_temple_forest
Bailey:   bailey_axe_minmay_hex_keep, bailey
